 Dungeon Crawl Stone Soup version 0.26-a0-612-gd4d190f45e (webtiles) character file.

Game seed: 16295562897496338710

28 Peloso the Skirmisher (level 2, 0/24 HPs)
             Began as a Demonspawn Fighter on Sept 9, 2020.
             Succumbed to an adder's poison
             ... on level 2 of the Dungeon.
             The game lasted 00:01:01 (511 turns).

Peloso the Skirmisher (Demonspawn Fighter)           Turns: 511, Time: 00:01:02

Health: 0/24       AC:  9    Str: 16    XL:     2   Next: 96%
Magic:  0/2        EV:  4    Int:  9    God:
Gold:   26         SH:  8    Dex: 12    Spells: 1/1 levels left

rFire    . . .     SeeInvis .   a - +0 long sword
rCold    . . .     Faith    .   c - +0 kite shield
rNeg     . . .     Spirit   +   f - +0 chain mail
rPois    .         Reflect  .   (no helmet)
rElec    .         Harm     .   (no cloak)
rCorr    .                      (no gloves)
MR       .....                  (no boots)
Stlth    ..........             (no amulet)
HPRegen  0.08/turn              (no ring)
MPRegen  0.08/turn              (no ring)

@: lethally poisoned (0 -> -3)
A: magic shield
a: no special abilities


You were on level 2 of the Dungeon.
You visited 1 branch of the dungeon, and saw 2 of its levels.

You collected 26 gold pieces.

Inventory:

Hand Weapons
 a - a +0 long sword (weapon)
Armour
 b - a +0 scale mail
 c - a +0 kite shield (worn)
 f - a +0 chain mail (worn)
Scrolls
 e - 2 scrolls of identify {unknown}
 g - a scroll of noise {unknown}
Potions
 d - a potion of might


   Skills:
 + Level 3.2 Fighting
 + Level 2.0 Long Blades
 + Level 3.0 Armour
 + Level 0.1 Dodging
 + Level 3.1 Shields


You had one spell level left.
You didn't know any spells.
Your spell library was empty.

Dungeon Overview and Level Annotations

Branches:
Dungeon (1/15)

Altars:


Innate Abilities, Weirdness & Mutations

When hurt, damage is shared between your health and your magic reserves.


Message History

You closely miss the adder.
The adder is moderately wounded.
* * * LOW HITPOINT WARNING * * *
You feel sick.
The adder bites you but does no damage. x2
Unknown command.
Unknown command.
You hit the adder.
The adder is heavily wounded.
The adder bites you but does no damage. The adder bites you.
* * * LOW HITPOINT WARNING * * *
Unknown command.
Unknown command.
You barely miss the adder.
The adder is heavily wounded.
You block the adder's attack.
Unknown command.
You slash the adder!
You kill the adder!
Your Long Blades skill increases to level 2!
You die...

#...........#
#...........#
#...........#######
#...........'..)..#
####+#...........#####.#
.......###+#'##### #.#
....... #.#.# #.#
.......###'#'####### #.#
.......@...........# #.#
......†...........[# #.#
.......##...[......# #.#
....... #..........# #.#
....... #..........# #.#
####### #..........# #†#
#..........# #.#
############ #.# #.#


There were no monsters in sight!

Vanquished Creatures
  An adder (D:2)
  An ooze (D:1)
  3 orcs (D:2)
  A goblin (D:1)
  A hobgoblin (D:1)
  2 jackals (D:2)
  A quokka (D:2)
  A frilled lizard (D:1)
11 creatures vanquished.

Notes
Turn   | Place    | Note
-------+----------+-------------------------------------------
     0 | D:1      | Peloso the Demonspawn Fighter began the quest for the Orb.
     0 | D:1      | Reached XP level 1. HP: 18/18 MP: 1/1
   193 | D:1      | Gained mutation: When hurt, damage is shared between your
                  | health and your magic reserves. [demonic ancestry]
   193 | D:1      | Reached XP level 2. HP: 19/24 MP: 2/2
   267 | D:1      | You fall into a shaft and drop 1 floor!
   509 | D:2      | HP: 1/24 [adder (1)]
   511 | D:2      | Succumbed to an adder's poison

Illustrated notes

Levels and vault maps discovered:
D:1:      dpeg_arrival_round_a, layout_basic
D:2:      layout_basic

Skill      XL: |  1  2 |
---------------+-------+-----
Shields        | 3 |  3.1
Armour         | 3 |  3.0
Long Blades    | 2 |  2.0
Fighting       | |  3.2
Dodging        | |  0.1

Action                   || total
-------------------------++-------
Melee: Long sword        ||    56
Armor: Scale mail        ||    13
       Chain mail        ||    18
Dodge: Dodged            ||    12
Block: Kite shield       ||    27
       Rpst.: Long sword ||     5

Table legend: (Time is in decaauts)
 A = Elapsed time spent in this place.
 B = Non-inter-level travel time spent in this place.
 C = Inter-level travel time spent in this place.
 D = Time resting spent in this place.
 E = Time spent auto-exploring this place.
 F = Levels seen in this place.
 G = Mean time per level.
                   A        B        C        D        E       F      G
               +--------+--------+--------+--------+--------+-----+--------+
         Total |    531 |    531 |      0 |      8 |    391 |   2 |  265.5 |
       Dungeon |    531 |    531 |      0 |      8 |    391 |   2 |  265.5 |
               +--------+--------+--------+--------+--------+-----+--------+

Top non-repeatable levels by time:
     D:1: 272 daAuts
     D:2: 259 daAuts
